MLB
ATLANTA BRAVES @ BALTIMORE ORIOLES
09/14/2098
 
TOP OF THE 1ST
Atlanta Braves batting - Pitching for Baltimore Orioles : RHP Alvaro Vasquez
Pitching: RHP Alvaro Vasquez
Batting: LHB Jordan Montijo 0-0: Ball
1-0: Swinging Strike
1-1: DOUBLE (Line Drive, 5D, EV 110.6 MPH)
Batting: LHB Wade Ronsonet 0-0: Ball
1-0: Ball
2-0: Ball
3-0: Called Strike
3-1: Ground out 1-3 (Groundball, P, EV 66.9 MPH)
Batting: RHB Ramon Carrion 0-0: Called Strike
0-1: Fly out, F8 (Flyball, 8LD, EV 94.4 MPH)
Batting: SHB Carlos Carballo 0-0: Called Strike
0-1: Swinging Strike
0-2: DOUBLE (Line Drive, 9LS, EV 91.9 MPH)
Jordan Montijo scores
Batting: SHB Joe Richardson 0-0: Fly out, F4 (Popup, 23, EV 88.1 MPH)
Top of the 1st over - 1 run, 2 hits, 0 errors, 1 left on base; Atlanta 1 - Baltimore 0
BOTTOM OF THE 1ST
Baltimore Orioles batting - Pitching for Atlanta Braves : RHP Matt Patras
Pitching: RHP Matt Patras
Batting: LHB Jeremy Marshall 0-0: Ball
1-0: Called Strike
1-1: Foul Ball, location: 3SF
1-2: Foul Ball, location: 9LMF
1-2: Ball
2-2: Ball
3-2: Ground out 4-3 (Groundball, 34D, EV 109.4 MPH)
Batting: LHB Jerry Peterson 0-0: Called Strike
0-1: Ball
1-1: Ball
2-1: Ball
3-1: SINGLE (Groundball, 34D, EV 100.0 MPH)
Batting: RHB Eduardo Lopez 0-0: Foul Ball, location: 2F
0-1: Foul Ball, location: 25FF
0-2: Strikes out swinging
Batting: RHB Jonathan Skye 0-0: Ball
1-0: SINGLE (Line Drive, 34D, EV 93.8 MPH)
Jerry Peterson to second
Runner from 2nd tries for 3rd, SAFE, no throw by RF
Batting: LHB Kenny West 0-0: Called Strike
0-1: Swinging Strike
0-2: Ball
1-2: Ball
2-2: Strikes out looking
Bottom of the 1st over - 0 runs, 2 hits, 0 errors, 2 left on base; Atlanta 1 - Baltimore 0
TOP OF THE 2ND
Atlanta Braves batting - Pitching for Baltimore Orioles : RHP Alvaro Vasquez
Batting: RHB Antonio Mejia 0-0: Ball
1-0: Foul Ball, location: 3SF
1-1: Called Strike
1-2: Foul Ball, location: 9LDF
1-2: Reached on error, E5 (Groundball, 5, EV 77.5 MPH)
Batting: LHB Mike Hancock 0-0: Swinging Strike
0-1: Ball
1-1: Called Strike
1-2: Ball
2-2: Foul Ball, location: 25FF
2-2: Fielders Choice at 2nd, 4-6 (Groundball, 4, EV 84.4 MPH)
Batting: RHB Luis Saez 0-0: SINGLE (Line Drive, 7LS, EV 97.5 MPH)
Mike Hancock to second
Batting: RHB Tim Reffner 0-0: Ball
1-0: Ball
2-0: Foul Ball, location: 3FF
2-1: Foul Ball, location: 23F
2-2: Foul Ball, location: 9LSF
2-2: Foul Ball, location: 2RF
2-2: Grounds into double play, 3-6-3 (Groundball, 34, EV 85.6 MPH)
Top of the 2nd over - 0 runs, 1 hit, 1 error, 1 left on base; Atlanta 1 - Baltimore 0
BOTTOM OF THE 2ND
Baltimore Orioles batting - Pitching for Atlanta Braves : RHP Matt Patras
Batting: LHB Nate Wagner 0-0: Foul Ball, location: 2F
0-1: Ball
1-1: Swinging Strike
1-2: Foul Ball, location: 7LDF
1-2: Ball
2-2: SINGLE (Line Drive, 56D, EV 105.0 MPH)
Batting: RHB Travis Darling 0-0: Foul Ball, location: 7LDF
0-1: Ball
1-1: Ball
2-1: Foul Ball, location: 2F
2-2: Fly out, F8 (Flyball, 78D, EV 88.1 MPH)
Batting: RHB Danny Haner 0-0: Called Strike
0-1: Ball
1-1: Ball
2-1: Grounds into double play, 6-4-3 (Groundball, 6, EV 87.5 MPH)
Bottom of the 2nd over - 0 runs, 1 hit, 0 errors, 0 left on base; Atlanta 1 - Baltimore 0
TOP OF THE 3RD
Atlanta Braves batting - Pitching for Baltimore Orioles : RHP Alvaro Vasquez
Batting: LHB Jordan Montijo 0-0: Foul Ball, location: 2F
0-1: SINGLE (Line Drive, 78M, EV 86.3 MPH)
Batting: LHB Wade Ronsonet 0-0: Called Strike
0-1: Called Strike
Jordan Montijo steals 2nd base
0-2: Foul Ball, location: 25F
0-2: Hit by Pitch
Batting: RHB Ramon Carrion 0-0: Called Strike
0-1: Foul Ball, location: 2F
0-2: Ball
1-2: Ball
2-2: Strikes out swinging
Batting: SHB Carlos Carballo 0-0: Called Strike
0-1: Fly out, F9 (Flyball, 9LM, EV 93.8 MPH)
Batting: SHB Joe Richardson 0-0: Ball
1-0: Ground out 6-3 (Groundball, 56, EV 100.6 MPH)
Top of the 3rd over - 0 runs, 1 hit, 0 errors, 2 left on base; Atlanta 1 - Baltimore 0
BOTTOM OF THE 3RD
Baltimore Orioles batting - Pitching for Atlanta Braves : RHP Matt Patras
Batting: RHB Ed Pollock 0-0: Called Strike
0-1: Ball
1-1: Ground out U3 (Groundball, 3S, EV 61.9 MPH)
Batting: LHB Jeremy Marshall 0-0: Called Strike
0-1: Ground out 6-3 (Groundball, 6M, EV 90.6 MPH)
Batting: LHB Jerry Peterson 0-0: Foul Ball, location: 3FF
0-1: Foul Ball, location: 2F
0-2: Ball
1-2: Fly out, F8 (Flyball, 78D, EV 96.9 MPH)
Bottom of the 3rd over - 0 runs, 0 hits, 0 errors, 0 left on base; Atlanta 1 - Baltimore 0
TOP OF THE 4TH
Atlanta Braves batting - Pitching for Baltimore Orioles : RHP Alvaro Vasquez
Batting: RHB Antonio Mejia 0-0: Ball
1-0: Ground out 6-3 (Groundball, 6, EV 84.4 MPH)
Batting: LHB Mike Hancock 0-0: Hit by Pitch
Batting: RHB Luis Saez 0-0: Ball
Wild Pitch!
Mike Hancock to second
1-0: Ball
2-0: Called Strike
2-1: Foul Ball, location: 3SF
2-2: Foul Ball, location: 5FF
2-2: SINGLE (Line Drive, 56D, EV 103.1 MPH)
Mike Hancock to third
Runner from 3rd tries for Home, SAFE, throw by LF to home
Batting: RHB Tim Reffner 0-0: Called Strike
0-1: Ball
1-1: SINGLE (Groundball, 56D, EV 99.4 MPH)
Luis Saez to second
Batting: LHB Jordan Montijo 0-0: Called Strike
0-1: Swinging Strike
0-2: TRIPLE (Flyball, 78XD, EV 95.0 MPH)
Luis Saez scores
Tim Reffner scores
Batting: LHB Wade Ronsonet 0-0: Ball
1-0: DOUBLE (Line Drive, 9LS, EV 98.1 MPH)
Jordan Montijo scores
Pitching: LHP Jonathan Wells
Batting: RHB Ramon Carrion 0-0: Called Strike
0-1: Foul Ball, location: 25FF
0-2: Ball
1-2: Strikes out swinging
Batting: SHB Carlos Carballo 0-0: Ball
1-0: Fly out, F6 (Popup, 6D, EV 69.4 MPH)
Top of the 4th over - 4 runs, 4 hits, 0 errors, 1 left on base; Atlanta 5 - Baltimore 0
BOTTOM OF THE 4TH
Baltimore Orioles batting - Pitching for Atlanta Braves : RHP Matt Patras
Batting: RHB Eduardo Lopez 0-0: Ball
1-0: Ball
2-0: Foul Ball, location: 23F
2-1: Foul Ball, location: 25F
2-2: Foul Ball, location: 2F
2-2: SINGLE (Flyball, 6D, EV 90.0 MPH)
Batting: RHB Jonathan Skye 0-0: Called Strike
0-1: Foul Ball, location: 2F
0-2: Ball
1-2: Ball
2-2: Foul Ball, location: 23F
2-2: Strikes out swinging
Batting: LHB Kenny West 0-0: Called Strike
0-1: Ball
1-1: Foul Ball, location: 23FF
1-2: Foul Ball, location: 5DF
1-2: Strikes out swinging
Batting: LHB Nate Wagner 0-0: Foul Ball, location: 2F
0-1: Called Strike
0-2: Ball
1-2: 2-RUN HOME RUN (Flyball, 89XD, EV 108.1 MPH), Distance : 417 ft
Batting: RHB Travis Darling 0-0: Ball
1-0: Ball
2-0: Called Strike
2-1: DOUBLE (Flyball, 8LD, EV 110.6 MPH)
Batting: RHB Danny Haner 0-0: Ball
1-0: Called Strike
1-1: Swinging Strike
1-2: Foul Ball, location: 2F
1-2: Ball
2-2: Fly out, F7 (Flyball, 7, EV 85.0 MPH)
Bottom of the 4th over - 2 runs, 3 hits, 0 errors, 1 left on base; Atlanta 5 - Baltimore 2
TOP OF THE 5TH
Atlanta Braves batting - Pitching for Baltimore Orioles : LHP Jonathan Wells
Batting: SHB Joe Richardson 0-0: Called Strike
0-1: Called Strike
0-2: Ball
1-2: DOUBLE (Flyball, 8RD, EV 101.3 MPH)
Batting: RHB Antonio Mejia 0-0: Ground out 6-3 (Groundball, 6M, EV 107.5 MPH)
Joe Richardson to third
Batting: LHB Mike Hancock 0-0: Ball
1-0: Fly out, F7 (Flyball, 7S, EV 100.0 MPH)
Batting: RHB Luis Saez 0-0: Ball
1-0: Ball
2-0: Called Strike
2-1: Called Strike
2-2: Foul Ball, location: 5F
2-2: Strikes out swinging
Top of the 5th over - 0 runs, 1 hit, 0 errors, 1 left on base; Atlanta 5 - Baltimore 2
BOTTOM OF THE 5TH
Baltimore Orioles batting - Pitching for Atlanta Braves : RHP Matt Patras
Batting: RHB Ed Pollock 0-0: Called Strike
0-1: Called Strike
0-2: Ground out U3 (Groundball, 3L, EV 88.1 MPH)
Batting: LHB Jeremy Marshall 0-0: Ball
1-0: SINGLE (Line Drive, 4MD, EV 94.4 MPH)
Batting: LHB Jerry Peterson 0-0: Ball
1-0: Called Strike
1-1: Swinging Strike
1-2: Foul Ball, location: 2LF
1-2: Ball
2-2: Grounds into double play, 4-6-3 (Groundball, 4, EV 80.6 MPH)
Bottom of the 5th over - 0 runs, 1 hit, 0 errors, 0 left on base; Atlanta 5 - Baltimore 2
TOP OF THE 6TH
Atlanta Braves batting - Pitching for Baltimore Orioles : LHP Jonathan Wells
Batting: RHB Tim Reffner 0-0: Fly out, F9 (Flyball, 89M, EV 83.1 MPH)
Batting: LHB Jordan Montijo 0-0: Ball
1-0: Foul Ball, location: 5F
1-1: Ball
2-1: SINGLE (Line Drive, 4MD, EV 110.6 MPH)
Pitching: RHP Jared Norton
Batting: LHB Wade Ronsonet 0-0: Swinging Strike
0-1: Ball
1-1: Fielders Choice at 2nd, 4-6 (Groundball, 4, EV 83.1 MPH)
Batting: RHB Ramon Carrion 0-0: Called Strike
Wade Ronsonet steals 2nd base
0-1: Called Strike
0-2: Ball
1-2: Foul Ball, location: 3SF
1-2: Strikes out swinging
Top of the 6th over - 0 runs, 1 hit, 0 errors, 1 left on base; Atlanta 5 - Baltimore 2
BOTTOM OF THE 6TH
Baltimore Orioles batting - Pitching for Atlanta Braves : RHP Matt Patras
Batting: RHB Eduardo Lopez 0-0: Ball
1-0: Ground out 4-3 (Groundball, 4, EV 79.4 MPH)
Batting: RHB Jonathan Skye 0-0: Ground out 5-3 (Groundball, 56, EV 95.6 MPH)
Batting: LHB Kenny West 0-0: Called Strike
0-1: Swinging Strike
0-2: Ball
1-2: Foul Ball, location: 2F
1-2: Ball
2-2: Ball
3-2: Strikes out swinging
Bottom of the 6th over - 0 runs, 0 hits, 0 errors, 0 left on base; Atlanta 5 - Baltimore 2
TOP OF THE 7TH
Atlanta Braves batting - Pitching for Baltimore Orioles : RHP Jared Norton
Batting: SHB Carlos Carballo 0-0: Ball
1-0: Called Strike
1-1: Ball
2-1: Swinging Strike
2-2: Ball
3-2: Foul Ball, location: 2F
3-2: Fly out, F9 (Flyball, 9D, EV 111.3 MPH)
Batting: SHB Joe Richardson 0-0: Called Strike
0-1: Ball
1-1: Ball
2-1: Ball
3-1: Base on Balls
Batting: RHB Antonio Mejia 0-0: Ball
1-0: Called Strike
Joe Richardson steals 2nd base (no throw)
1-1: Swinging Strike
1-2: Ball
2-2: Strikes out looking
Batting: LHB Mike Hancock 0-0: Ground out 5-3 (Groundball, 5, EV 92.5 MPH)
Top of the 7th over - 0 runs, 0 hits, 0 errors, 1 left on base; Atlanta 5 - Baltimore 2
BOTTOM OF THE 7TH
Baltimore Orioles batting - Pitching for Atlanta Braves : RHP Matt Patras
Batting: LHB Nate Wagner 0-0: Ball
1-0: Called Strike
1-1: Swinging Strike
1-2: Foul Ball, location: 7LMF
1-2: Strikes out swinging
Batting: RHB Travis Darling 0-0: Swinging Strike
0-1: Foul Ball, location: 2F
0-2: Ball
1-2: Strikes out swinging
Batting: RHB Danny Haner 0-0: Called Strike
0-1: Ball
1-1: Swinging Strike
1-2: Strikes out looking
Bottom of the 7th over - 0 runs, 0 hits, 0 errors, 0 left on base; Atlanta 5 - Baltimore 2
TOP OF THE 8TH
Atlanta Braves batting - Pitching for Baltimore Orioles : RHP Jared Norton
Pitching: RHP Roger Diaz
Batting: RHB Luis Saez 0-0: Foul Ball, location: 3FF
0-1: Ball
1-1: Called Strike
1-2: Ball
2-2: Ball
3-2: Base on Balls
Batting: RHB Tim Reffner 0-0: Ball
1-0: Ball
2-0: Called Strike
2-1: Ball
3-1: Called Strike
3-2: Ground out 6-3 (Groundball, 4M, EV 97.5 MPH)
Luis Saez to second
Batting: LHB Jordan Montijo 0-0: Foul Ball, location: 23F
0-1: Called Strike
0-2: Ball
1-2: Ball
2-2: Ball
3-2: Base on Balls
Batting: LHB Wade Ronsonet 0-0: Ball
1-0: Fielders Choice at 2nd, 3-6 (Groundball, 34, EV 83.1 MPH)
Luis Saez to third
Batting: RHB Ramon Carrion 0-0: Called Strike
0-1: Foul Ball, location: 2F
0-2: Strikes out swinging
Top of the 8th over - 0 runs, 0 hits, 0 errors, 2 left on base; Atlanta 5 - Baltimore 2
BOTTOM OF THE 8TH
Baltimore Orioles batting - Pitching for Atlanta Braves : RHP Matt Patras
Pitching: RHP David Pearson
Pinch Hitting: LHB Dave Schwabe 0-0: SINGLE (Groundball, 34S, EV 77.5 MPH)
Batting: LHB Jeremy Marshall 0-0: Called Strike
0-1: Ball
1-1: Ball
2-1: Called Strike
2-2: Ball
3-2: SINGLE (Line Drive, 9LS, EV 96.9 MPH)
Dave Schwabe to second
Batting: LHB Jerry Peterson 0-0: Ball
1-0: Fly out, F8 (Flyball, 8LD, EV 103.1 MPH)
Batting: RHB Eduardo Lopez 0-0: Ball
1-0: Ball
2-0: 3-RUN HOME RUN (Flyball, 7D, EV 96.9 MPH), Distance : 376 ft
Pitching: RHP Andy Thomas
Batting: RHB Jonathan Skye 0-0: Ball
1-0: Swinging Strike
1-1: Ball
2-1: Called Strike
2-2: Fly out, F3 (Popup, 3SF, EV 85.6 MPH)
Batting: LHB Kenny West 0-0: Ball
1-0: Ball
2-0: Called Strike
2-1: Foul Ball, location: 23F
2-2: Strikes out swinging
Bottom of the 8th over - 3 runs, 3 hits, 0 errors, 0 left on base; Atlanta 5 - Baltimore 5
TOP OF THE 9TH
Atlanta Braves batting - Pitching for Baltimore Orioles : RHP Roger Diaz
Now at SS: Lee Board
Batting: SHB Carlos Carballo 0-0: Ball
1-0: Ball
2-0: Ball
3-0: TRIPLE (Flyball, 78XD, EV 90.6 MPH)
Batting: SHB Joe Richardson 0-0: Ball
1-0: Foul Ball, location: 23F
1-1: Ball
2-1: Ball
3-1: Fielders Choice at home, 4-2 (Groundball, 4, EV 88.8 MPH)
Pitching: RHP Justin Flowers
Batting: RHB Antonio Mejia 0-0: Called Strike
0-1: Called Strike
0-2: Strikes out looking
Batting: LHB Mike Hancock 0-0: Ball
1-0: Fly out, F7 (Line Drive, 7S, EV 98.8 MPH)
Top of the 9th over - 0 runs, 1 hit, 0 errors, 1 left on base; Atlanta 5 - Baltimore 5
BOTTOM OF THE 9TH
Baltimore Orioles batting - Pitching for Atlanta Braves : RHP Andy Thomas
Pitching: RHP Tim Pye
Batting: LHB Nate Wagner 0-0: Called Strike
0-1: Foul Ball, location: 23F
0-2: Foul Ball, location: 7LMF
0-2: Ball
1-2: Ball
2-2: Strikes out swinging
Batting: RHB Travis Darling 0-0: Swinging Strike
0-1: Called Strike
0-2: Strikes out swinging
Batting: RHB Danny Haner 0-0: Swinging Strike
0-1: Foul Ball, location: 2F
0-2: Ball
1-2: Strikes out looking
Bottom of the 9th over - 0 runs, 0 hits, 0 errors, 0 left on base; Atlanta 5 - Baltimore 5
TOP OF THE 10TH
Atlanta Braves batting - Pitching for Baltimore Orioles : RHP Justin Flowers
Pinch Hitting: LHB Felix Garza 0-0: Swinging Strike
0-1: Ball
1-1: Ball
2-1: Foul Ball, location: 2F
2-2: Ball
3-2: Ground out 3-1 (Groundball, 13, EV 78.8 MPH)
Pinch Hitting: RHB Adam Brading 0-0: Ball
1-0: Called Strike
1-1: Foul Ball, location: 7LMF
1-2: Ball
2-2: Strikes out swinging
Batting: LHB Jordan Montijo 0-0: Ball
1-0: Foul Ball, location: 9LDF
1-1: Foul Ball, location: 2F
1-2: Ball
2-2: Ball
3-2: Base on Balls
Batting: LHB Wade Ronsonet 0-0: Ball
1-0: Ball
2-0: SINGLE (Groundball, 6MD, EV 106.3 MPH)
Jordan Montijo to second
Runner from 2nd tries for 3rd, SAFE, no throw by CF
Batting: RHB Ramon Carrion 0-0: Called Strike
0-1: Called Strike
0-2: Strikes out swinging
Top of the 10th over - 0 runs, 1 hit, 0 errors, 2 left on base; Atlanta 5 - Baltimore 5
BOTTOM OF THE 10TH
Baltimore Orioles batting - Pitching for Atlanta Braves : RHP Tim Pye
Now at C: Matt Varner
Now at 3B: Felix Garza
Batting: RHB Lee Board 0-0: Fly out, F8 (Flyball, 8RS, EV 73.1 MPH)
Batting: LHB Jeremy Marshall 0-0: Foul Ball, location: 23F
0-1: Ball
1-1: Called Strike
1-2: Ball
2-2: Foul Ball, location: 5DF
2-2: Strikes out swinging
Batting: LHB Jerry Peterson 0-0: Ball
1-0: Called Strike
1-1: Ground out U3 (Groundball, 3, EV 82.5 MPH)
Bottom of the 10th over - 0 runs, 0 hits, 0 errors, 0 left on base; Atlanta 5 - Baltimore 5
TOP OF THE 11TH
Atlanta Braves batting - Pitching for Baltimore Orioles : RHP Justin Flowers
Pitching: RHP Mark Crawford
Batting: SHB Carlos Carballo 0-0: Called Strike
0-1: Called Strike
0-2: Ball
1-2: Ball
2-2: Ball
3-2: Ground out 4-3 (Groundball, 4MD, EV 96.3 MPH)
Batting: SHB Joe Richardson 0-0: Ball
1-0: Ball
2-0: Ground out 3-1 (Groundball, 34, EV 95.0 MPH)
Batting: RHB Antonio Mejia 0-0: Called Strike
0-1: Fly out, F7 (Flyball, 7, EV 90.0 MPH)
Top of the 11th over - 0 runs, 0 hits, 0 errors, 0 left on base; Atlanta 5 - Baltimore 5
BOTTOM OF THE 11TH
Baltimore Orioles batting - Pitching for Atlanta Braves : RHP Tim Pye
Batting: RHB Eduardo Lopez 0-0: Called Strike
0-1: Foul Ball, location: 9LDF
0-2: SOLO HOME RUN (Flyball, 7LD, EV 97.5 MPH), Distance : 346 ft
Bottom of the 11th over - 1 run, 1 hit, 0 errors, 0 left on base; Atlanta 5 - Baltimore 6
Sunday, April 14th , 2024 - OOTP Baseball 24.11 Build 85